 Dungeon Crawl Stone Soup version 0.26.0-20-g3ca415f5b8 (webtiles) character file.

Game seed: 3807856137943653548

284 Gauvater the Sneak (level 6, -6/37 HPs)
             Began as an Octopode Fire Elementalist on Jan 23, 2021.
             Was a Follower of Vehumet.
             Mangled by a gnoll
             ... wielding a +0 whip
              (8 damage)
             ... on level 4 of the Dungeon on Jan 24, 2021.
             The game lasted 00:19:08 (4208 turns).

Gauvater the Sneak (Octopode Fire Elementalist)     Turns: 4208, Time: 00:19:08

Health: -6/37      AC:  1    Str:  8    XL:     6   Next: 29%
Magic:  6/10       EV: 14    Int: 18    God:    Vehumet [*.....]
Gold:   157        SH:  0    Dex: 13    Spells: 10/11 levels left

rFire    . . .     SeeInvis .   u - +0 dagger (venom)
rCold    . . .     Faith    .   (no shield)
rNeg     . . .     Spirit   .   (helmet restricted)
rPois    .         Reflect  .   f - amulet of the acrobat
rElec    .         Harm     .   (no ring)
rCorr    .         Rampage  .   (no ring)
Will     .....                  (no ring)
Stlth    ++++......             (no ring)
HPRegen  0.12/turn              (no ring)
MPRegen  0.12/turn              (no ring)
                                (no ring)
                                (no ring)

@: no status effects
A: almost no armour, stealthy swim, amphibious, 8 rings, constrict 8, camouflage
1, gelatinous body 1
a: Renounce Religion


You were on level 4 of the Dungeon.
You worshipped Vehumet.
Vehumet was aware of your devotion.
You visited 1 branch of the dungeon, and saw 4 of its levels.

You collected 157 gold pieces.

Inventory:

Hand Weapons
 i - a +2 mace of holy wrath
 u - a +0 dagger of venom (weapon)
Missiles
 b - 5 javelins
 h - 34 bolts
 s - 59 stones
 t - 37 arrows
Jewellery
 f - an amulet of the acrobat (around mantle)
Wands
 q - a wand of digging (4)
Scrolls
 c - 2 scrolls of magic mapping
 e - 7 scrolls of identify {unknown}
 g - a scroll of blinking {unknown}
 j - a scroll of enchant armour {unknown}
 k - 3 scrolls of fog {unknown}
 l - a scroll of enchant weapon {unknown}
 m - 4 scrolls of remove curse {unknown}
 n - 2 scrolls of teleportation {unknown}
 p - a scroll of fear
 w - a scroll of noise {unknown}
Potions
 a - a potion of attraction {unknown}
 d - a potion of heal wounds
 o - 3 potions of lignification {unknown}
 r - a potion of might {unknown}
 v - 2 potions of brilliance {unknown}
 x - a potion of curing {unknown}


   Skills:
 + Level 0.5 Fighting
 + Level 0.1 Short Blades
 + Level 0.3 Maces & Flails
 + Level 2.7 Dodging
 + Level 4.5 Stealth
 + Level 0.2 Unarmed Combat
 + Level 3.3 Spellcasting
 + Level 2.4 Conjurations
 + Level 4.3 Fire Magic


You had 10 spell levels left.
You knew the following spells:

 Your Spells              Type           Power        Failure   Level
a - Foxfire               Conj/Fire      60%          4%          1

Your spell library contained the following spells:

 Spells                   Type           Power        Failure   Level
 Magic Dart               Conj           44%          6%          1
 Conjure Flame            Conj/Fire      15%          12%         3
 Inner Flame              Hex/Fire       10%          19%         3
 Sticky Flame             Conj/Fire      15%          36%         4
 Fireball                 Conj/Fire      7%           73%         5


Dungeon Overview and Level Annotations

Branches:
Dungeon (4/15)
 Temple: D:4-7

Altars:
Fedhas
Vehumet


Innate Abilities, Weirdness & Mutations

You cannot wear most types of armour.
You are very stealthy in the water. (Stealth+)
You are amphibious.
You can wear up to eight rings at the same time.
You can use your tentacles to constrict eight enemies at once.
Your skin changes colour to match your surroundings (Stealth+).
Your rubbery body absorbs attacks. (AC +1, EV +1)


Message History

You hit the gnoll shaman.
The gnoll shaman looks as sick as possible!
The gnoll shaman is severely wounded.
You constrict the gnoll shaman.
The foxfire hits the gnoll shaman but does no damage.
The gnoll shaman is severely wounded.
The foxfire hits the gnoll shaman.
The gnoll shaman is almost dead.
The gnoll hits you with a +0 whip.
* * * LOW HITPOINT WARNING * * *
The gnoll shaman misses you.
Casting: Foxfire (safe; 4% risk of failure)
Confirm with . or Enter, or press ? or * to list all spells.
You conjure some foxfire!
You constrict the gnoll shaman.
You kill the gnoll shaman!
Vehumet accepts your kill. The gnoll hits you with a +0 whip!
* * * LOW HITPOINT WARNING * * *
The gnoll hits you with a +0 whip!
You die...

............#......#............#
.......^....#......#............#
###..##.##..###...##............#
###..#####..###...#####'#########
.........#........#.....'.......#
.........'........#.....#.......#
.........#........#.....#.......#
#####...##.#####v####..........##
##...##.####)@v##############
#........#...g...#
#........#.......#
#........#.......#
#........#.......#
#........#.......# .
#####...#######'##########
.####.######.........#......#
...........#.........#.....##


You could see a gnoll (fast).

Vanquished Creatures
  An ogre (D:4)
  A howler monkey (D:4)
  A gnoll shaman (D:4)
  Terence (D:2)
  A worker ant (D:4)
  Robin (D:2)
  2 adders (D:4)
  A worm (D:3)
  A leopard gecko (D:1)
  3 ball pythons
  10 bats
  3 giant cockroaches
  15 goblins
  5 hobgoblins
  16 jackals
  5 kobolds
  3 quokkas
  2 frilled lizards
  A leopard gecko skeleton (D:4)
  4 rats
77 creatures vanquished.

Vanquished Creatures (others)
  174 foxfires
174 creatures vanquished.

Grand Total: 251 creatures vanquished

Notes
Turn   | Place    | Note
-------+----------+-------------------------------------------
     0 | D:1      | Gauvater the Octopode Fire Elementalist began the quest for
                  | the Orb.
     0 | D:1      | Reached XP level 1. HP: 11/11 MP: 3/3
   207 | D:1      | Reached XP level 2. HP: 17/17 MP: 3/5
  1215 | D:2      | Reached XP level 3. HP: 21/21 MP: 3/6
  1269 | D:2      | Noticed Terence
  1735 | D:2      | Killed Terence
  1736 | D:2      | Reached XP level 4. HP: 27/27 MP: 3/7
  1961 | D:2      | Noticed Robin
  2304 | D:2      | Found a radiant altar of Vehumet.
  2314 | D:2      | Became a worshipper of Vehumet
  2600 | D:2      | Killed Robin
  2860 | D:2      | Upgraded the game from 0.26.0-18-gc5c842f807 to
                  | 0.26.0-20-g3ca415f5b8
  3348 | D:3      | Found a blossoming altar of Fedhas.
  3518 | D:3      | Reached XP level 5. HP: 31/31 MP: 9/9
  3750 | D:4      | Noticed an ogre
  3758 | D:4      | Killed an ogre
  3759 | D:4      | Reached XP level 6. HP: 37/37 MP: 5/10
  3844 | D:4      | Reached * piety under Vehumet
  3844 | D:4      | Offered knowledge of Magic Dart by Vehumet.
  4208 | D:4      | Mangled by a gnoll

Illustrated notes

Levels and vault maps discovered:
D:1:      psy_arrival_heroes, layout_loops_ring
D:2:      layout_basic, vehumet_crystals, grunt_decor_cap, uniq_terence,
          uniq_robin
D:3:      layout_loops_ring, fedhas_altar_4, kennysheep_generic_room_2
D:4:      layout_gridville

Skill      XL: |  1  2  3  4  5 |
---------------+----------------+-----
Stealth        | 3 4 |  4.5
Fire Magic     | 4 |  4.3
Spellcasting   | 3 |  3.3
Conjurations   | 2 |  2.4
Fighting       | |  0.5
Short Blades   | |  0.1
Maces & Flails | |  0.3
Dodging        | |  2.7
Unarmed Combat | |  0.2

Action                   |  1- 3 |  4- 6 || total
-------------------------+-------+-------++-------
Melee: Unarmed           |     7 |    14 ||    21
       Constrict         |     4 |    10 ||    14
       Tentacles         |     2 |     5 ||     7
       Mace              |       |     7 ||     7
       Dagger            |       |    26 ||    26
 Cast: Foxfire           |    46 |    58 ||   104
  Use: Scroll            |     2 |       ||     2
 Stab: Sleeping          |     1 |     9 ||    10
Armor: Skin              |     4 |     8 ||    12
Dodge: Dodged            |    30 |    86 ||   116
